 Dungeon Crawl Stone Soup version 0.25-a0-443-gece2dee (webtiles) character file.

Game seed: 16799516424221537179, levelgen mode: deterministic

30 Coldstonesans the Ducker (level 3, -2/17 HPs)
             Began as a Felid Monk on Jan 30, 2020.
             Shot with an arrow by a centaur (10 damage)
             ... on level 5 of the Dungeon.
             The game lasted 00:04:26 (2517 turns).

Coldstonesans the Ducker (Felid Monk)               Turns: 2517, Time: 00:04:27

Health: -2/17      AC:  1    Str:  7      XL:     3   Next: 5%
Magic:  4/4        EV: 20    Int: 11      God:
Gold:   111        SH:  0    Dex: 17 (19) Spells: 2/2 levels left
                                        Lives:  0   Deaths: 1

rFire    . . .     SeeInvis +     - Unarmed
rCold    . . .     Gourm    .   (shield unavailable)
rNeg     . . .     Faith    .   (armour unavailable)
rPois    .         Spirit   .   (helmet unavailable)
rElec    .         Reflect  .   (cloak unavailable)
rCorr    .         Harm     +   (gloves unavailable)
MR       .....                  (boots unavailable)
Stlth    +++.......             o - amulet of harm
HPRegen  0.05/turn              (no ring)
MPRegen  0.09/turn              (no ring)

@: quick
A: very small, no armour, no weapons or thrown items, stealth, claws 1, fangs 3,
see invisible, carnivore, speed 1, shaggy fur 1, slow metabolism 1, sharp paws
a: no special abilities


You were on level 5 of the Dungeon.
You were not hungry.

You visited 1 branch of the dungeon, and saw 4 of its levels.

You collected 111 gold pieces.

Inventory:

Jewellery
 o - an amulet of harm (around neck)
Scrolls
 b - a scroll of magic mapping
 e - 4 scrolls of identify
 f - a scroll of teleportation
 g - 2 scrolls of remove curse
 i - a scroll of fog
 j - a scroll of amnesia {unknown}
 k - a scroll of noise {unknown}
Potions
 c - a potion of haste {unknown}
 d - 2 potions of cancellation
 h - a potion of invisibility {unknown}
 l - a potion of lignification {unknown}
 m - 2 potions of agility {unknown}
 n - a potion of curing {unknown}
Comestibles
 a - 4 rations


   Skills:
 + Level 3.4 Fighting
 * Level 5.2 Dodging
 + Level 3.5 Stealth
 + Level 3.4 Unarmed Combat


You had 2 spell levels left.
You didn't know any spells.
Your spell library was empty.

Dungeon Overview and Level Annotations

Branches:
Dungeon (3/15)

Altars:
Gozag


Innate Abilities, Weirdness & Mutations

You cannot wear armour.
You are incapable of wielding weapons or throwing items.
Your paws allow you to move quietly. (Stealth)
You have sharp claws.
You have razor-sharp teeth.
You have supernaturally acute eyesight. (SInv)
You are carnivorous and can eat meat at any time.
You cover ground quickly.
You are covered in fur. (AC +1)
You have a slow metabolism.
Your sharp claws are effective at attacking unaware monsters.


Message History

You are too injured to fight recklessly!
You are too injured to fight recklessly!
You are too injured to fight recklessly!
You escape the ball python's grasp.
The quasit misses you. The quasit barely misses you.
The quasit completely misses you. The ball python closely misses you. x2
The hound misses you.
Really walk into that teleport trap?
You enter a teleport trap!
The teleport trap disappears.
Your surroundings suddenly seem different.
A water moccasin and a centaur come into view.
Found a papyrus book and a scale mail.
Found a stone staircase leading down and a stone staircase leading up.
Okay, then.
An ogre comes into view. It is wielding a +0 giant club.
The centaur shouts!
The centaur wields a +0 shortbow.
The centaur shoots an arrow.
The arrow hits you!
Ouch! That really hurt!
You die...

.........
.........
.........
........#
.....[..#
........#
....cS..#
<....>..#
.......@#
.........#
#.....##...
######
##... .#..O
. #. #


You could see a water moccasin (wandering), an ogre (sleeping) and a centaur.

Vanquished Creatures
  2 adders (D:2)
  3 giant cockroaches
  10 goblins
  9 hobgoblins
  4 jackals (D:2)
  5 kobolds
  2 quokkas (D:2)
  5 bats
  5 frilled lizards
  5 rats
50 creatures vanquished.

Notes
Turn   | Place    | Note
-------+----------+-------------------------------------------
     0 | D:1      | Coldstonesans the Felid Monk began the quest for the Orb.
     0 | D:1      | Reached XP level 1. HP: 10/10 MP: 2/2
   741 | D:1      | Reached XP level 2. HP: 10/14 MP: 3/3
  1686 | D:2      | Reached XP level 3. HP: 16/17 MP: 4/4
  1704 | D:2      | Reached skill level 5 in Dodging
  2209 | D:2      | Found an opulent altar of Gozag.
  2257 | D:2      | Reached XP level 4. HP: 17/21 MP: 5/5
  2483 | D:3      | You fall into a shaft and drop 2 floors!
  2483 | D:5      | Entered Level 5 of the Dungeon
  2495 | D:5      | Noticed an ice beast
  2498 | D:5      | Noticed a centaur
  2498 | D:5      | Shot with an arrow by a centaur
  2499 | D:5      | Reached XP level 3. HP: -2/17 MP: 4/4
  2516 | D:5      | Noticed a water moccasin
  2516 | D:5      | Noticed a centaur
  2517 | D:5      | Noticed an ogre
  2517 | D:5      | Shot with an arrow by a centaur

Levels and vault maps discovered:
D:1:      psy_arrival_terrarium, layout_basic, minmay_tall_x
D:2:      layout_rooms, nicolae_gozag_cash_rules_everything_around_me
D:3:      layout_basic
D:5:      layout_rooms, first_ration, saegor_snake_ambush

Skill      XL: |  1  2  3 |
---------------+----------+-----
Stealth        | 3 |  3.5
Dodging        | 5 |  5.2
Fighting       | |  3.4
Unarmed Combat | |  3.4

Action                   |  1- 3 |  4- 6 || total
-------------------------+-------+-------++-------
Melee: Unarmed           |   152 |     8 ||   160
       Bite              |    12 |     1 ||    13
       Punch             |     1 |       ||     1
  Use: Scroll            |     1 |     7 ||     8
 Stab: Sleeping          |     3 |     2 ||     5
       Distracted        |       |     1 ||     1
  Eat: Chunk             |     4 |       ||     4
Armor: Skin              |     7 |       ||     7
Dodge: Dodged            |   159 |     7 ||   166

Table legend:
 A = Non-vault XP
 B = Vault XP
 C = Vault XP percentage of total XP
 D = Non-vault monster count
 E = Vault monster count
 F = Vault count percentage of total count
                 A         B        C        D         E       F
            +---------+---------+-------+---------+---------+-------
      Total |      97 |       7 |   6.7 |      46 |       4 |   8.0
            +---------+---------+-------+---------+---------+-------
        D:1 |      32 |       7 |  17.9 |      20 |       4 |  16.7
        D:2 |      60 |       0 |   0.0 |      23 |       0 |   0.0
        D:3 |       5 |       0 |   0.0 |       3 |       0 |   0.0
            +---------+---------+-------+---------+---------+-------
